 Dungeon Crawl Stone Soup version 0.20.1-1-g8b1a95d (webtiles) character file.

1362 Krapule the Skirmisher (level 8, -2/61 HPs)
             Began as a Mummy Skald on Oct 15, 2017.
             Slain by a bullfrog zombie (5 damage)
             ... on level 6 of the Dungeon.
             The game lasted 00:24:25 (7675 turns).

Krapule the Skirmisher (Mummy Skald)                Turns: 7675, Time: 00:24:25

Health: -2/61      AC:  5    Str: 16    XL:     8   Next: 37%
Magic:  7/12       EV: 13    Int: 12    God:
Gold:   178        SH:  0    Dex: 12    Spells: 9/13 levels left

rFire    x . .     SeeInvis +   i - +0 scythe
rCold    + . .     Gourm    .   (shield currently unavailable)
rNeg     + + +     Faith    .   b - +0 leather armour
rPois    ∞         Spirit   .   (no helmet)
rElec    .         Reflect  .   f - +1 cloak
rCorr    .         Harm     .   (no gloves)
MR       +....                  (no boots)
Stlth    +.........             (no amulet)
Regen    0.2/turn               h - ring of see invisible
MPRegen  0.2/turn               (no ring)

@: no status effects
A: no food or potions, fire vulnerability, cold resistance 1, negative energy
resistance 3, torment resistance, unbreathing
a: no special abilities


You were on level 6 of the Dungeon.
You were not hungry.

You visited 2 branches of the dungeon, and saw 7 of its levels.

You collected 178 gold pieces.

Inventory:

Hand Weapons
 i - a +0 scythe (weapon)
Armour
 b - a +0 leather armour (worn)
 f - a +1 cloak (worn)
Jewellery
 h - a ring of see invisible (left hand)
Scrolls
 a - a scroll of recharging
 e - 2 scrolls of identify
 g - 2 scrolls of teleportation
 j - a scroll of immolation
 k - 2 scrolls of magic mapping
Books
 c - a book of Battle

   Spells                             Type                      Level
   a - Infusion                       Charms                       1
   b - Shroud of Golubria             Charms/Translocation         2
   c - Song of Slaying                Charms                       2
   d - Spectral Weapon                Hexes/Charms                 3
   e - Regeneration                   Charms/Necromancy            3
 d - a book of Frost

   Spells                             Type                      Level
   a - Freeze                         Ice                          1
   b - Throw Frost                    Conjuration/Ice              2
   c - Ozocubu's Armour               Charms/Ice                   3
   d - Throw Icicle                   Conjuration/Ice              4
   e - Summon Ice Beast               Ice/Summoning                4
 l - a book of Callings

   Spells                             Type                      Level
   a - Summon Small Mammal            Summoning                    1
   b - Call Imp                       Summoning                    2
   c - Call Canine Familiar           Summoning                    3
   d - Summon Guardian Golem          Hexes/Summoning              3
   e - Summon Lightning Spire         Summoning/Air                4
   f - Summon Ice Beast               Ice/Summoning                4


   Skills:
 + Level 4.7 Fighting
 + Level 4.1 Polearms
 + Level 3.3 Armour
 + Level 4.0 Dodging
 - Level 3.0 Spellcasting
 + Level 2.4 Hexes
 + Level 4.1 Charms


You had 9 spell levels left.
You knew the following spells:

 Your Spells              Type           Power        Failure   Level  Hunger
a - Infusion              Chrm           ##..         5%          1    N/A
b - Spectral Weapon       Hex/Chrm       #.......     22%         3    N/A

Dungeon Overview and Level Annotations

Branches:
Dungeon (6/15)             Temple (1/1) D:5

Altars:
Ashenzari
Cheibriados
Fedhas
Hepliaklqana
Kikubaaqudgha
Nemelex Xobeh
Okawaru
Qazlal
Ru
Trog
Uskayaw
Vehumet
Xom
Yredelemnul
Zin
The Shining One


Innate Abilities, Weirdness & Mutations

You do not eat or drink.
Your flesh is vulnerable to fire.
You are immune to poison.
Your flesh is cold resistant. (rC+)
You are immune to negative energy. (rN+++)
You are immune to unholy pain and torment.
You can survive without breathing.


Message History

* * * LOW HITPOINT WARNING * * *
The bullfrog zombie hits you but does no damage.
The centaur zombie hits you.
* * * LOW HITPOINT WARNING * * *
The worker ant barely misses you.
You barely miss the bullfrog zombie.
The bullfrog zombie is almost destroyed.
You are no longer magically infusing your attacks.
You hear a splash.
The bullfrog zombie hits you.
* * * LOW HITPOINT WARNING * * *
The centaur zombie hits you but does no damage.
The worker ant bites you.
* * * LOW HITPOINT WARNING * * *
The bullfrog zombie hits you.
* * * LOW HITPOINT WARNING * * *
The centaur zombie misses you.
The worker ant bites you but does no damage.
The bullfrog zombie hits you.
You die...

...........#.........#
...............†.Z...#
............Z..#.###...
............#.Z#..#
............SZ.#..###.
.........###.........
..#....#####....#...
.######.#.####Z.........
...........Z@aS5...#....
.####..#(###Z##........
#.<.#.##........#...
#.#...##.......## ..
#..#..###.......# #
#......##......[.
#......[........##
#......###......#
...#####


You could see a worker ant, a shadow imp, a bullfrog zombie, a centaur zombie, a
ball python and a bullfrog skeleton.

Vanquished Creatures
  Sigmund (D:2)
  A sky beast (D:5)
  A phantom (D:5)
  A centaur (D:5)
  A scorpion (D:5)
  2 howler monkeys
  3 crimson imps
  2 centaur zombies (D:5)
  2 hounds
  3 orc priests
  A bullfrog skeleton (D:5)
  Crazy Yiuf (D:5)
  5 orc wizards
  2 worker ants
  3 gnolls (D:4)
  6 adders
  2 shadow imps (D:5)
  3 oozes
  2 worms (D:2)
  3 dart slugs
  3 leopard geckos
  18 orcs
  A ball python (D:1)
  A giant cockroach (D:1)
  20 goblins
  4 hobgoblins
  13 jackals
  4 quokkas
  10 bats
  4 frilled lizards
  6 kobolds
  A leopard gecko skeleton (D:6)
  2 quokka skeletons
  10 rats
142 creatures vanquished.

Vanquished Creatures (others)
  An orc (D:6)
1 creature vanquished.

Grand Total: 143 creatures vanquished

Notes
Turn   | Place    | Note
-------+----------+-------------------------------------------
     0 | D:1      | Krapule the Mummy Skald began the quest for the Orb.
     0 | D:1      | Reached XP level 1. HP: 16/16 MP: 4/4
   699 | D:1      | Reached XP level 2. HP: 16/22 MP: 5/5
  1049 | D:1      | Reached skill level 1 in Armour
  1145 | D:1      | Reached XP level 3. HP: 28/28 MP: 7/7
  1949 | D:2      | Reached XP level 4. HP: 34/34 MP: 8/8
  2026 | D:2      | Noticed Sigmund
  2042 | D:2      | Killed Sigmund
  2042 | D:2      | Reached XP level 5. HP: 14/41 MP: 1/9
  2586 | D:2      | Learned a level 3 spell: Spectral Weapon
  2702 | D:3      | Reached XP level 6. HP: 35/47 MP: 10/10
  2790 | D:3      | Found a sacrificial altar of Ru.
  3322 | D:2      | HP: 2/47 [adder (1)]
  4406 | D:3      | Found a shattered altar of Ashenzari.
  4406 | D:3      | Found a stormy altar of Qazlal.
  4758 | D:4      | Found a glowing golden altar of the Shining One.
  5066 | D:4      | Reached skill level 1 in Hexes
  5271 | D:4      | Reached XP level 7. HP: 34/53 MP: 11/11
  6215 | D:5      | Entered Level 5 of the Dungeon
  6531 | D:5      | Found a runed door.
  6536 | D:5      | Noticed Crazy Yiuf
  6539 | D:5      | Killed Crazy Yiuf
  6714 | D:5      | Found a staircase to the Ecumenical Temple.
  6724 | Temple   | Entered the Ecumenical Temple
  6814 | D:5      | HP: 2/54 [sky beast (6)]
  7199 | D:5      | Reached XP level 8. HP: 43/61 MP: 7/12
  7349 | D:5      | Found an iron altar of Okawaru.
  7613 | D:6      | Found a shimmering altar of Xom.
  7675 | D:6      | HP: 3/61 [bullfrog zombie (2)]
  7675 | D:6      | Slain by a bullfrog zombie

Skill      XL: |  1  2  3  4  5  6  7  8 |
---------------+-------------------------+-----
Spellcasting   | 3 |  3.0
Polearms       | 2 3 4 |  4.1
Armour         | 1 2 3 |  3.3
Dodging        | 2 3 4 |  4.0
Fighting       | 3 4 |  4.7
Charms         | 3 4 |  4.1
Hexes          | 1 2 |  2.4

Action                   |  1- 3 |  4- 6 |  7- 9 || total
-------------------------+-------+-------+-------++-------
Melee: Spear             |   194 |    13 |       ||   207
       Scythe            |       |   255 |   192 ||   447
 Cast: Infusion          |     1 |     4 |     7 ||    12
  Use: Scroll            |       |     8 |     2 ||    10
 Stab: Sleeping          |       |     2 |       ||     2
       Distracted        |       |     1 |       ||     1
       Paralysed         |       |     1 |       ||     1
Armor: Leather armour    |    46 |    79 |    31 ||   156
       Chain mail        |       |    39 |    64 ||   103
Dodge: Dodged            |    92 |   205 |   157 ||   454
